 Dungeon Crawl Stone Soup version 0.31-a0-740-g87205ac768 (webtiles) character file.

Game seed: 2593167806711904538

11 subawu the Ruffian (level 2, -4/23 HPs)
             Began as a Draconian Shapeshifter on Sept 12, 2023.
             Frozen to death by an endoplasm (5 damage)
             ... on level 1 of the Dungeon.
             The game lasted 00:00:53 (214 turns).

subawu the Ruffian (Draconian Shapeshifter)          Turns: 214, Time: 00:00:53

Health: -4/23      AC:  4    Str: 16    XL:     2   Next: 13%
Magic:  2/2        EV: 12    Int: 10    God:
Gold:   0          SH:  0    Dex: 10    Spells: 1/1 levels left

rFire   + .          .
                       - Unarmed
rCold   . . .        (no shield)
rNeg    . . .        (body armour unavailable)
rPois   .            (helmet currently unavailable)
rElec   .            (cloak currently unavailable)
rCorr   .            (gloves currently unavailable)
SInv    .            (boots currently unavailable)
Will    .....        (no amulet)
Stlth   +            e - ring of protection from fire
HPRegen 0.23/turn    (no ring)
MPRegen 0.08/turn

%: no passive effects
@: beast-form, slowed, very slow
A: beast (slay +1), AC +4, unfitting armour, cold-blooded
a: Begin Untransformation


You were on level 1 of the Dungeon.
You were a hulking beast.
You visited 1 branch of the dungeon, and saw 1 of its levels.

Inventory:

Armour
 d - a +0 ring mail
Jewellery
 e - a ring of protection from fire (left hand)
Talismans
 b - a beast talisman (active)
 c - a flux talisman
Potions
 a - a potion of lignification


   Skills:
 + Level 1.3 Fighting
 + Level 1.7 Dodging
 + Level 3.4 Unarmed Combat
 + Level 3.1 Shapeshifting


You had one spell level left.
You didn't know any spells.
Your spell library was empty.

Dungeon Overview and Level Annotations

Branches:
Dungeon (1/15)

Altars:


Innate Abilities, Weirdness & Mutations

You are a hulking beast.
Your limbs bulge with bestial killing power. (Slay +1)
Your plain brown scales are hard. (AC +4)
You cannot fit into any form of body armour.
You are cold-blooded and may be slowed by cold attacks.


Message History

The hobgoblin barely misses you. The endoplasm closely misses you.
The hobgoblin attacks as it pursues you!
The hobgoblin hits you but does no damage.
You hit the hobgoblin.
The hobgoblin is almost dead.
The endoplasm hits you.
The hobgoblin hits you but does no damage.
You barely miss the hobgoblin. Your punch misses the hobgoblin.
The hobgoblin is almost dead.
The endoplasm freezes you.
You are frozen.
You feel yourself slow down. The hobgoblin hits you.
You barely miss the hobgoblin.
Your tail-slap misses the hobgoblin.
The hobgoblin is almost dead.
The endoplasm freezes you.
You are frozen.
You feel as though you will be slow longer.
The hobgoblin barely misses you.
You hit the hobgoblin but do no damage.
The hobgoblin is almost dead.
The endoplasm completely misses you. The hobgoblin hits you.
A bat comes into view.
The endoplasm misses you. The hobgoblin hits you.
* * * LOW HITPOINT WARNING * * *
You hit the hobgoblin.
You kill the hobgoblin!
The bat hits you.
* * * LOW HITPOINT WARNING * * *
The bat hits you but does no damage. The endoplasm hits you.
* * * LOW HITPOINT WARNING * * *
The bat closely misses you. The endoplasm closely misses you.
The endoplasm hits you.
* * * LOW HITPOINT WARNING * * *
You see here a hobgoblin corpse.
The endoplasm barely misses you.
You closely miss the bat.
Your tail-slap misses the bat.
The bat barely misses you. The endoplasm freezes you.
You are frozen.
You die...

......#...#.#
...#.#...#..# .....
....#...#...# #...##
#..#.#.#....# #$...#
.##...#.....# #....# #
.#.#.#.#....# #....#.# #
#...#...#...# #....#.#.###
...#.#...#..###..Jb.......
..#.<.#...#..)).h†...#
.#.....#....###...#..#
#.....#.#...# ######.#
.#...#...#..# .#
.##.#.#.....# #
#..#...#....# . .
#...#...# ... .....#..#


You could see an endoplasm and a bat.

Vanquished Creatures
  2 bats (D:1)
  3 endoplasms (D:1)
  2 goblins (D:1)
  A hobgoblin (D:1)
  A kobold (D:1)
9 creatures vanquished.

Notes
Turn   | Place    | Note
-------+----------+-------------------------------------------
     0 | D:1      | subawu the Draconian Shapeshifter began the quest for the
                  | Orb.
     0 | D:1      | Reached XP level 1. HP: 16/16 MP: 1/1
   201 | D:1      | Reached XP level 2. HP: 20/23 MP: 2/2
   212 | D:1      | HP: 1/23 [endoplasm (3)]
   214 | D:1      | Frozen to death by an endoplasm

Illustrated notes

Levels and vault maps discovered:
D:1:      matt_arrival_diagonals, layout_basic

Action                     || total
---------------------------++-------
  Melee: Unarmed           ||    25
         Tailslap          ||     3
 Armour: Skin              ||    34
  Dodge: Dodged            ||    34

Table legend: (Time is in decaauts)
 A = Elapsed time spent in this place.
 B = Non-inter-level travel time spent in this place.
 C = Inter-level travel time spent in this place.
 D = Time resting spent in this place.
 E = Time spent auto-exploring this place.
 F = Levels seen in this place.
 G = Mean time per level.
                   A        B        C        D        E       F      G
               +--------+--------+--------+--------+--------+-----+--------+
         Total |    219 |    215 |      4 |      0 |     39 |   1 |  219.0 |
       Dungeon |    219 |    215 |      4 |      0 |     39 |   1 |  219.0 |
               +--------+--------+--------+--------+--------+-----+--------+

Top non-repeatable levels by time:
     D:1: 219 daAuts
